 Dungeon Sprint DCSS version 0.17-a0-764-gd40c196 (webtiles) character file.

1000000 namelastname112 the Warrior (level 11, -8/104 HPs)
             Began as a Demonspawn Monk on Apr 23, 2015.
             Was a Believer of Makhleb.
             Mangled by a bag of meat
             ... wielding a +9 war axe
              (31 damage)
             ... in the Dungeon (Sprint VIII: "Arena of Blood").
             The game lasted 00:00:24 (10 turns).

namelastname112 the Warrior (Demonspawn Monk)         Turns: 10, Time: 00:00:24

Health: -8/104     AC:  2    Str: 12    XL:     11   Next: 71%
Magic:  11/11      EV: 24    Int: 12    God:    Makhleb [**....]
Gold:   0          SH:  0    Dex: 18    Spells: 0 memorised, 10 levels left

rFire  . . .     SeeInvis .     i - +∞ Axe of Woe
rCold  + . .     Clarity  .     a - +0 robe
rNeg   . . .     SustAb   .     (no shield)
rPois  .         Gourm    .     (no helmet)
rElec  .         Spirit   .     (no cloak)
rCorr  .         Warding  .     (no gloves)
rMut   .         NoTele   +     (no boots)
MR     .....                    (no amulet)
Stlth  +++.......               (no ring)
                                (no ring)

@: not resistant to hostile enchantments, fairly stealthy
A: hooves 2, cold resistance 1, spiny 3
a: Minor Destruction, Renounce Religion


You were in the Dungeon.
You worshipped Makhleb.
Makhleb was pleased with you.
You were not hungry.

You visited 1 branch

Inventory:

Hand weapons
 i - the +∞ Axe of Woe (weapon)
   (You found it in the Dungeon)
Armour
 a - a +0 robe (worn)
Scrolls
 h - a scroll of blinking
Potions
 c - a potion of curing
 d - a potion of heal wounds
 e - a potion of haste
 f - 2 potions of magic
 g - a potion of berserk rage
Comestibles
 b - a bread ration


   Skills:
 + Level 16.1 Fighting
 * Level 15.8 Axes
 + Level 14.4 Dodging
 + Level 7.0 Stealth
 - Level 3.6 Unarmed Combat


You had 10 spell levels left.
You didn't know any spells.

Dungeon Overview and Level Annotations

Branches:
Dungeon (1/1)

Altars:
Makhleb


Innate Abilities, Weirdness & Mutations

You have hoof-like feet.
Your flesh is cold resistant.
You are completely covered in sharp spines.


Message History

You feel agile.
You have reached level 10!
Your demonic ancestry asserts itself...
You feel resistant to cold.
You have reached level 11!
Your demonic ancestry asserts itself...
Your feet thicken and deform.
You hear a shout! x2
The meat berserker rages.
You hear a shout! x6
The bag of meat appears out of thin air!
A bag of meat comes into view. It is wielding a +9 war axe.
You hear a shout! x2
The meat berserker is struck by your spines.
The meat berserker hits you with a +9 battleaxe!!
* * * LOW HITPOINT WARNING * * *
The bag of meat misses you. The bag of meat closely misses you.
You hear a shout! x4
The bag of meat hits you with a +9 war axe!!
You die...

....._........
..#.....# .....
....#_.<._#......
.....#o....#......
........_..........
.......###.........
o###.......###....
#.oo....# #..@o...#
........O........
....O..o........
..........o....#
...o..oC.....##
o.#.o......#.
oo......o.#
#o#....o. ...


You could see a large bag of meat (inner flame), 2 meat berserkers and 15 bags
of meat.

Vanquished Creatures
  An orc (D)
1 creature vanquished.

Notes
Turn   | Place    | Note
--------------------------------------------------------------
     0 | D        | namelastname112, the Demonspawn Monk, began the quest for the Orb.
     0 | D        | Reached XP level 1. HP: 18/18 MP: 1/1
     3 | D        | Noticed a bag of meat
     4 | D        | Became a worshipper of Makhleb the Destroyer
     4 | D        | Acquired Makhleb's first power
     4 | D        | Acquired Makhleb's second power
     5 | D        | Noticed a bag of meat
     5 | D        | Noticed a bag of meat
     6 | D        | Noticed a bag of meat
     8 | D        | Noticed a bag of meat
     8 | D        | Noticed a meat berserker
     9 | D        | Noticed a bag of meat
     9 | D        | Noticed a bag of meat
     9 | D        | Noticed a large bag of meat
     9 | D        | Noticed a meat berserker
    10 | D        | Noticed a bag of meat
    10 | D        | Noticed a bag of meat
    10 | D        | Killed a bag of meat
    10 | D        | Reached skill level 16 in Fighting
    10 | D        | Reached skill level 15 in Axes
    10 | D        | Gained mutation: You have large cloven feet. [demonic ancestry]
    10 | D        | Reached XP level 2. HP: 21/45 MP: 2/2
    10 | D        | Reached XP level 3. HP: 23/51 MP: 3/3
    10 | D        | Gained mutation: You are partially covered in sharp spines. [demonic ancestry]
    10 | D        | Reached XP level 4. HP: 26/58 MP: 4/4
    10 | D        | Reached XP level 5. HP: 28/64 MP: 5/5
    10 | D        | Gained mutation: You are mostly covered in sharp spines. [demonic ancestry]
    10 | D        | Reached XP level 6. HP: 31/71 MP: 6/6
    10 | D        | Reached XP level 7. HP: 34/78 MP: 7/7
    10 | D        | Gained mutation: You are completely covered in sharp spines. [demonic ancestry]
    10 | D        | Reached XP level 8. HP: 37/85 MP: 8/8
    10 | D        | Reached XP level 9. HP: 39/91 MP: 9/9
    10 | D        | Gained mutation: Your flesh is cold resistant. [demonic ancestry]
    10 | D        | Reached XP level 10. HP: 42/98 MP: 10/10
    10 | D        | Gained mutation: You have hoof-like feet. [demonic ancestry]
    10 | D        | Reached XP level 11. HP: 44/104 MP: 11/11
    10 | D        | Mangled by a bag of meat

Action                   |  1- 3 |  4- 6 |  7- 9 | 10-12 || total
-------------------------+-------+-------+-------+-------++-------
Melee: Executioner's axe |     1 |       |       |       ||     1
